 Dungeon Sprint DCSS version 0.31-a0-348-g810772c3d7 (webtiles) character file.

Game seed: 3037177241309783619

1119 Conn the Arsonist (level 8, -13/48 HPs)
             Began as an Octopode Fire Elementalist on July 23, 2023.
             Was a Follower of Sif Muna.
             Mangled by Snorg (20 damage)
             ... in the Dungeon (Sprint III: "The Ten Rune Challenge").
             The game lasted 00:07:15 (903 turns).

Conn the Arsonist (Octopode Fire Elementalist)       Turns: 903, Time: 00:07:19

Health: -13/48     AC:  1    Str:  7    XL:     8   Next: 34%
Magic:  11/22      EV: 14    Int: 20    God:    Sif Muna [*.....]
Gold:   25         SH:  4    Dex: 12    Spells: 11/27 levels left

rFire   . . .        i - +4 quarterstaff (chaos)
rCold   . . .        (shield currently unavailable)
rNeg    . . .        (helmet restricted)
rPois   .            h - amulet of regeneration
rElec   .            (no ring)
rCorr   .            (no ring)
SInv    .            (no ring)
Will    .....        (no ring)
Stlth   +++++        (no ring)
HPRegen 1.08/turn    (no ring)
MPRegen 0.18/turn    (no ring)
                     (no ring)

%: no teleportation
@: no status effects
A: almost no armour, amphibious, 8 rings, camouflage 1, gelatinous body 1,
nimble swimmer 1, tentacles, large bone plates 1, screaming 1, MP-powered wands
a: Renounce Religion, Channel Magic


You were in the Dungeon.
You worshipped Sif Muna.
Sif Muna was aware of your devotion.
You visited 1 branch You collected 25 gold pieces.

Inventory:

Hand Weapons
 i - a +4 quarterstaff of chaos (weapon)
Jewellery
 h - an amulet of regeneration (around mantle)
Scrolls
 g - a scroll of fog
 k - a scroll of immolation
 n - a scroll of summoning {unknown}
Potions
 a - 2 potions of magic
 b - 2 potions of curing
 c - a potion of heal wounds
 d - a potion of haste
 j - 2 potions of mutation
 m - 2 potions of enlightenment {unknown}


   Skills:
 + Level 1.3 Fighting
 + Level 2.7 Staves
 + Level 4.4 Dodging
 - Level 5.5 Stealth
 + Level 0.4 Shields
 + Level 0.2 Unarmed Combat
 * Level 10.2 Spellcasting
 * Level 6.4 Conjurations
 + Level 0.3 Hexes
 + Level 11.4 Fire Magic


You had 11 spell levels left.
You knew the following spells:

 Your Spells              Type           Power      Damage    Failure   Level
a - Foxfire               Conj/Fire      100%       2x1d9     1%          1
b - Scorch                Fire           100%       2d9       1%          2
c - Inner Flame           Hex/Fire       33%        N/A       1%          3
d - Flame Wave            Conj/Fire      46%        2d12      1%          4
e - Volatile Blastmotes   Fire/Tloc      66%        2d15      1%          3
f - Swiftness             Air            10%        N/A       21%         3

Your spell library contained the following spells:

 Spells                   Type           Power      Damage    Failure   Level
 Apportation              Tloc           20%        N/A       7%          1
 Ensorcelled Hibernation  Hex/Ice        20%        N/A       10%         2
 Passwall                 Tmut/Erth      8%         N/A       11%         2
 Alistair's Intoxication  Tmut/Pois      6%         N/A       88%         5


Dungeon Overview and Level Annotations

Branches:
Dungeon (1/1)

Altars:
Cheibriados
Dithmenos
Elyvilon
Fedhas
Kikubaaqudgha
Makhleb
Okawaru
Qazlal
Ru
Sif Muna
Trog
Uskayaw
Vehumet
Wu Jian
Xom
Yredelemnul
Zin
The Shining One

Annotations:
D Snorg


Innate Abilities, Weirdness & Mutations

You cannot wear most types of armour.
You are amphibious.
You can wear up to eight rings at the same time.
Your skin changes colour to match your surroundings (Stealth+).
Your rubbery body absorbs attacks. (AC +1, EV +1)
You are camouflaged when in or above water. (Stealth+)
You have tentacles for arms and can constrict up to eight enemies at once.
You are partially covered in large bone plates. (SH +4)
You occasionally shout uncontrollably at your foes.
You expend magic power (3 MP) to strengthen your wands.


Message History

Aiming: Inner Flame (safe; 1% risk of failure)
Press: ? - help, Dir - move target, f - Snorg
Aim: Snorg (lightly wounded, chance to affect: 57%) Snorg is filled with an inner flame.
Casting: Inner Flame (safe; 1% risk of failure)
Confirm with . or Enter, or press ? or * to list all spells.
You conjure some foxfire!
Unknown command.
Casting: Foxfire (safe; 1% risk of failure)
Confirm with . or Enter, or press ? or * to list all spells.
Flames lash Snorg.
Flame seeps out of Snorg.
Snorg is moderately wounded.
Snorg's fire resistance burns away.
You no longer feel sluggish.
The foxfire hits Snorg.
Flame seeps out of Snorg.
Snorg is moderately wounded.
The foxfire hits Snorg.
Snorg is burned terribly!
Flame seeps out of Snorg.
Snorg is moderately wounded.
Snorg is engulfed in blazing flames.
Flame seeps out of Snorg.
Casting: Scorch (safe; 1% risk of failure)
Confirm with . or Enter, or press ? or * to list all spells.
Flames lash Snorg.
Snorg is burned terribly!
Flame seeps out of Snorg.
Snorg is heavily wounded.
Snorg is engulfed in blazing flames.
Flame seeps out of Snorg.
Snorg goes berserk!
Unknown command.
Casting: Scorch (safe; 1% risk of failure)
Confirm with . or Enter, or press ? or * to list all spells.
Flames lash Snorg.
Snorg is burned terribly!
Flame seeps out of Snorg.
Snorg is almost dead.
Snorg is engulfed in blazing flames.
Flame seeps out of Snorg.
Unknown command.
Snorg attacks as you move away! Snorg bites you!! Snorg claws you!!
* * * LOW HITPOINT WARNING * * *
Snorg barely misses you.
Snorg is engulfed in a cloud of scalding steam.
Flame seeps out of Snorg.
Snorg bites you.
* * * LOW HITPOINT WARNING * * *
Snorg claws you!!
You die...

▓▓▓▓▓▓▓▓▓▓▓▓▓ ▓▓▓
▓<.#..'...♣.♣ ♣.#########
▓..#..#....♣♣♣ ♣♣.#___#___#
▓#'####....♣.♣ ♣..#...#__.#
▓.....#....~.♣ ♣..###)#'###
▓.....#.[.~~♣♣♣♣♣.#........
▓....)#..~~~~.♣♣..'.⌠......
▓####'#..~@≈~~~.♣.#...#####
▓.....#.~~≈T§~....#.⌠.# #.
▓.....#.~≈§°~.....#...# #.
▓.....#.~~~.......#'###_ #.
▓'#####...........#.).#__#.
▓.[...............#___#__'.
▓▓▓▓▓▓▓▓▓▓▓▓▓▓▓▓▓▓▓▓▓▓▓▓▓▓▓


You could see Snorg (berserk, inner flame, combustible).

Vanquished Creatures
  A deep elf pyromancer (D)
  A shadow (D)
  A necrophage (D)
  A water elemental (D)
  Crazy Yiuf (D)
  A jelly (D)
  A wizard (D)
  A necromancer (D)
  3 humans (D)
  A kobold demonologist (D)
  2 endoplasms (D)
  2 rats (D)
16 creatures vanquished.

Vanquished Creatures (others)
  37 foxfires (D)
37 creatures vanquished.

Grand Total: 53 creatures vanquished

Notes
Turn   | Place    | Note
-------+----------+-------------------------------------------
     0 | D        | Conn the Octopode Fire Elementalist began the quest for the
                  | Orb.
     0 | D        | Reached XP level 1. HP: 11/11 MP: 3/3
   106 | D        | Noticed Crazy Yiuf
   116 | D        | Reached skill level 5 in Fire Magic
   116 | D        | Reached XP level 2. HP: 17/17 MP: 0/6
   176 | D        | Learned a level 2 spell: Scorch
   186 | D        | Killed Crazy Yiuf
   187 | D        | Reached XP level 3. HP: 21/21 MP: 2/8
   208 | D        | Gained mutation: You expend magic power (3 MP) to
                  | strengthen your wands. [potion of mutation]
   208 | D        | Gained mutation: You occasionally shout uncontrollably at
                  | your foes. [potion of mutation]
   208 | D        | Gained mutation: You are partially covered in large bone
                  | plates. (SH +4) [potion of mutation]
   245 | D        | Learned a level 3 spell: Inner Flame
   248 | D        | Noticed a water elemental
   252 | D        | Killed a water elemental
   253 | D        | Reached skill level 7 in Fire Magic
   253 | D        | Reached XP level 4. HP: 9/27 MP: 0/10
   266 | D        | Learned a level 4 spell: Flame Wave
   341 | D        | Noticed a human
   343 | D        | Noticed a human
   440 | D        | Killed a human
   441 | D        | Reached skill level 1 in Staves
   441 | D        | Reached skill level 5 in Stealth
   441 | D        | Reached skill level 8 in Fire Magic
   441 | D        | Reached XP level 5. HP: 17/31 MP: 10/13
   441 | D        | Reached XP level 6. HP: 20/36 MP: 11/15
   482 | D        | Killed a human
   483 | D        | Reached skill level 9 in Fire Magic
   550 | D        | Learned a level 3 spell: Volatile Blastmotes
   560 | D        | Found an ornate altar of the Wu Jian Council.
   561 | D        | Found a hide-covered altar of Uskayaw.
   561 | D        | Found a bloodstained altar of Trog.
   564 | D        | Found an iron altar of Okawaru.
   573 | D        | Found a radiant altar of Vehumet.
   573 | D        | Found a shimmering blue altar of Sif Muna.
   573 | D        | Found an ancient bone altar of Kikubaaqudgha.
   577 | D        | Reached skill level 10 in Fire Magic
   587 | D        | Learned a level 3 spell: Swiftness
   588 | D        | Became a worshipper of Sif Muna the Loreminder
   622 | D        | Found a basalt altar of Yredelemnul.
   622 | D        | Found a shadowy altar of Dithmenos.
   622 | D        | Found a sacrificial altar of Ru.
   625 | D        | Reached XP level 7. HP: 42/42 MP: 12/18
   626 | D        | Reached skill level 5 in Conjurations
   670 | D        | Found a glowing silver altar of Zin.
   670 | D        | Found a glowing golden altar of the Shining One.
   670 | D        | Found a white marble altar of Elyvilon.
   673 | D        | Noticed a deep elf pyromancer
   680 | D        | Killed a deep elf pyromancer
   680 | D        | Reached * piety under Sif Muna
   681 | D        | Reached skill level 1 in Fighting
   681 | D        | Reached skill level 11 in Fire Magic
   681 | D        | Reached XP level 8. HP: 48/48 MP: 6/21
   777 | D        | Noticed a shadow
   779 | D        | Killed a shadow
   780 | D        | Reached skill level 10 in Spellcasting
   856 | D        | Found a blossoming altar of Fedhas.
   856 | D        | Found a stormy altar of Qazlal.
   856 | D        | Found a snail-covered altar of Cheibriados.
   856 | D        | Found a burning altar of Makhleb.
   856 | D        | Found a shimmering altar of Xom.
   872 | D        | Noticed Snorg
   903 | D        | Mangled by Snorg

Illustrated notes

Levels and vault maps discovered:
D:        dungeon_sprint_mu [sprint_mu_entry_forest, sprint_mu_temple_rooms,
          sprint_mu_d1_horrors, sprint_mu_d2_genie, sprint_mu_d3_branching,
          sprint_mu_orc_legion, sprint_mu_elf_gauntlet, sprint_mu_hive_nellie,
          sprint_mu_lair_fedhas, sprint_mu_vaults_butterflies,
          sprint_mu_slime_circle, sprint_mu_shoals_archi,
          sprint_mu_snake_twists, sprint_mu_blade_basic,
          sprint_mu_crypt_chambers, sprint_mu_tomb_spiral,
          sprint_mu_vestibule_basic, sprint_mu_gehenna_hellfire,
          sprint_mu_dis_giant, sprint_mu_tartarus_statrot,
          sprint_mu_cocytus_islands, sprint_mu_zot1]

Skill      XL: |  1  2  3  4  5  6  7  8 |
---------------+-------------------------+-----
Stealth        | 3 4 5 |  5.5
Spellcasting   | 3 4 6 7 9 10 | 10.2
Fire Magic     | 5 7 8 10 11 | 11.4
Conjurations   | 2 3 4 6 |  6.4
Dodging        | 3 4 |  4.4
Staves         | 1 2 |  2.7
Fighting       | 1 |  1.3
Shields        | |  0.4
Unarmed Combat | |  0.2
Hexes          | |  0.3

Action                     |  1- 3 |  4- 6 |  7- 9 || total
---------------------------+-------+-------+-------++-------
  Melee: Unarmed           |     1 |       |       ||     1
         Quarterstaff      |       |     5 |       ||     5
         Constrict         |       |     2 |       ||     2
         Tentacles         |       |     1 |       ||     1
   Cast: Foxfire           |    14 |     1 |     5 ||    20
         Scorch            |     4 |     4 |     9 ||    17
         Inner Flame       |       |     1 |     3 ||     4
         Flame Wave        |       |     3 |     1 ||     4
         Swiftness         |       |       |     1 ||     1
         Volatile Blastmot |       |       |     1 ||     1
    Use: Potion            |     2 |     2 |       ||     4
         Scroll            |     3 |       |     1 ||     4
   Stab: Sleeping          |       |     1 |       ||     1
  Dodge: Dodged            |       |    10 |     1 ||    11
  Block: Other             |       |     2 |       ||     2

Table legend: (Time is in decaauts)
 A = Elapsed time spent in this place.
 B = Non-inter-level travel time spent in this place.
 C = Inter-level travel time spent in this place.
 D = Time resting spent in this place.
 E = Time spent auto-exploring this place.
 F = Levels seen in this place.
 G = Mean time per level.
                   A        B        C        D        E       F      G
               +--------+--------+--------+--------+--------+-----+--------+
         Total |    910 |    910 |      0 |    525 |      0 |   1 |  910.0 |
       Dungeon |    910 |    910 |      0 |    525 |      0 |   1 |  910.0 |
               +--------+--------+--------+--------+--------+-----+--------+

Top non-repeatable levels by time:
       D: 910 daAuts
